PBL
VICTORIA CAPITALS @ AMARILLO THUNDERHEADS
07/24/2048
 
TOP OF THE 1ST
Victoria Capitals batting - Pitching for Amarillo ThunderHeads : RHP Marty Nelson
Pitching: RHP Marty Nelson
Batting: LHB Addisu Nyamekye 0-0: Foul Ball, location: 2F
0-1: Ball
1-1: Foul Ball, location: 2F
1-2: Foul Ball, location: 2F
1-2: Ball
2-2: Ball
3-2: Foul Ball, location: 2F
3-2: Foul Ball, location: 2F
3-2: SINGLE (Line Drive, 6D, EV 105.0 MPH)
Batting: RHB Jesus Santiago 0-0: Called Strike
0-1: Called Strike
0-2: Ball
1-2: Foul Ball, location: 2F
1-2: Foul Ball, location: 2F
1-2: Ball
2-2: Foul Ball, location: 2F
2-2: 2-RUN HOME RUN (Flyball, 78XD, EV 107.5 MPH), Distance : 427 ft
Batting: RHB Ross Hallock 0-0: Called Strike
0-1: Called Strike
0-2: Ball
1-2: Strikes out swinging
Batting: RHB Rich Griffith 0-0: Called Strike
0-1: Ground out U3 (Groundball, 13, EV 86.9 MPH)
Batting: RHB Josh Rentz 0-0: Called Strike
0-1: Ball
1-1: Swinging Strike
1-2: Foul Ball, location: 2F
1-2: Ball
2-2: Ball
3-2: Base on Balls
Batting: LHB Matt Hepburn 0-0: Ground out U3 (Groundball, 34, EV 104.4 MPH)
Top of the 1st over - 2 runs, 2 hits, 0 errors, 1 left on base; Victoria 2 - Amarillo 0
BOTTOM OF THE 1ST
Amarillo ThunderHeads batting - Pitching for Victoria Capitals : LHP Mike Roberts
Pitching: LHP Mike Roberts
Batting: RHB Sam Voss 0-0: Ball
1-0: SINGLE (Line Drive, 4MD, EV 103.1 MPH)
Batting: RHB Evan Fry 0-0: Ball
1-0: Ball
2-0: SINGLE (Line Drive, 7S, EV 99.4 MPH)
Sam Voss to second
Batting: RHB Robert Topete 0-0: Ball
1-0: Foul Ball, location: 2F
1-1: Grounds into double play, 4-6-3 (Groundball, 4, EV 85.6 MPH)
Sam Voss to third
Batting: RHB Bill Flannery 0-0: Ground out 6-3 (Groundball, 56, EV 91.2 MPH)
Bottom of the 1st over - 0 runs, 2 hits, 0 errors, 1 left on base; Victoria 2 - Amarillo 0
TOP OF THE 2ND
Victoria Capitals batting - Pitching for Amarillo ThunderHeads : RHP Marty Nelson
Batting: LHB Rick Harrison 0-0: Called Strike
0-1: Ball
1-1: Ball
2-1: Foul Ball, location: 2F
2-2: Ball
3-2: Strikes out swinging
Batting: LHB Jason Cary 0-0: Foul Ball, location: 2F
0-1: Called Strike
0-2: Ball
1-2: Strikes out swinging
Batting: RHB Tristan Martin 0-0: Ball
1-0: Called Strike
1-1: Ball
2-1: Ball
3-1: Base on Balls
Batting: LHB Addisu Nyamekye 0-0: Foul Ball, location: 2F
0-1: Ball
1-1: Ball
2-1: Foul Ball, location: 2F
2-2: Ball
3-2: Fly out, F6 (Popup, 6, EV 62.5 MPH)
Top of the 2nd over - 0 runs, 0 hits, 0 errors, 1 left on base; Victoria 2 - Amarillo 0
BOTTOM OF THE 2ND
Amarillo ThunderHeads batting - Pitching for Victoria Capitals : LHP Mike Roberts
Batting: RHB Eric Camillo 0-0: Ball
1-0: Ball
2-0: Ball
3-0: Called Strike
3-1: Called Strike
3-2: SINGLE (Groundball, 4MD, EV 103.8 MPH)
Batting: LHB Alex Rivera 0-0: Foul Ball, location: 2F
0-1: Ball
1-1: Ball
2-1: Fly out, F8 (Flyball, 89S, EV 79.4 MPH)
Batting: RHB Josh Shoemaker 0-0: Called Strike
0-1: Ball
1-1: Ball
2-1: Foul Ball, location: 2F
2-2: Foul Ball, location: 2F
2-2: Ball
3-2: Grounds into double play, 6-4-3 (Groundball, 6M, EV 86.9 MPH)
Bottom of the 2nd over - 0 runs, 1 hit, 0 errors, 0 left on base; Victoria 2 - Amarillo 0
TOP OF THE 3RD
Victoria Capitals batting - Pitching for Amarillo ThunderHeads : RHP Marty Nelson
Batting: RHB Jesus Santiago 0-0: Called Strike
0-1: Ball
1-1: Foul Ball, location: 2F
1-2: Foul Ball, location: 2F
1-2: Strikes out swinging
Batting: RHB Ross Hallock 0-0: Called Strike
0-1: Foul Ball, location: 2F
0-2: Hit by Pitch
Batting: RHB Rich Griffith 0-0: Ball
1-0: Ball
2-0: Swinging Strike
2-1: Foul Ball, location: 2F
2-2: Ball
3-2: Base on Balls
Ross Hallock to second
Batting: RHB Josh Rentz 0-0: Ball
1-0: Foul Ball, location: 2F
1-1: Ball
2-1: SINGLE (Line Drive, 34D, EV 96.9 MPH)
Ross Hallock to third
Rich Griffith to second
Runner from 3rd tries for Home, throw by RF and OUT! 9-2
Batting: LHB Matt Hepburn 0-0: Foul Ball, location: 2F
0-1: Ball
1-1: Ground out 1-3 (Groundball, 34S, EV 62.5 MPH)
Top of the 3rd over - 0 runs, 1 hit, 0 errors, 2 left on base; Victoria 2 - Amarillo 0
BOTTOM OF THE 3RD
Amarillo ThunderHeads batting - Pitching for Victoria Capitals : LHP Mike Roberts
Batting: RHB Pat Martin 0-0: Ball
1-0: Foul Ball, location: 2F
1-1: Called Strike
1-2: Ball
2-2: Fly out, F1 (Popup, 13, EV 90.0 MPH)
Batting: RHB Jorge Balderama 0-0: Called Strike
0-1: Ball
1-1: Swinging Strike
1-2: Strikes out looking
Batting: RHB Sam Voss 0-0: Ball
1-0: Ball
2-0: Ground out 4-3 (Groundball, 4, EV 83.8 MPH)
Bottom of the 3rd over - 0 runs, 0 hits, 0 errors, 0 left on base; Victoria 2 - Amarillo 0
TOP OF THE 4TH
Victoria Capitals batting - Pitching for Amarillo ThunderHeads : RHP Marty Nelson
Batting: LHB Rick Harrison 0-0: Foul Ball, location: 2F
0-1: Foul Ball, location: 2F
0-2: Ball
1-2: Ball
2-2: Ball
3-2: Strikes out swinging
Batting: LHB Jason Cary 0-0: Called Strike
0-1: Swinging Strike
0-2: Ball
1-2: Foul Ball, location: 2F
1-2: Strikes out swinging
Batting: RHB Tristan Martin 0-0: Swinging Strike
0-1: SINGLE (Groundball, 6D, EV 97.5 MPH)
Batting: LHB Addisu Nyamekye 0-0: Foul Ball, location: 2F
0-1: Ball
1-1: Foul Ball, location: 2F
1-2: Ball
2-2: Ball
3-2: Strikes out swinging
Top of the 4th over - 0 runs, 1 hit, 0 errors, 1 left on base; Victoria 2 - Amarillo 0
BOTTOM OF THE 4TH
Amarillo ThunderHeads batting - Pitching for Victoria Capitals : LHP Mike Roberts
Batting: RHB Evan Fry 0-0: Ball
1-0: Ball
2-0: DOUBLE (Flyball, 89D, EV 106.9 MPH)
Batting: RHB Robert Topete 0-0: Ball
1-0: Ball
2-0: Foul Ball, location: 2F
2-1: Foul Ball, location: 2F
2-2: Fly out, F8 (Line Drive, 8LM, EV 85.6 MPH)
Batting: RHB Bill Flannery 0-0: Ball
1-0: Ball
2-0: Foul Ball, location: 2F
2-1: Ball
3-1: Called Strike
3-2: Foul Ball, location: 2F
3-2: Ground out 4-3 (Groundball, 4S, EV 68.8 MPH)
Evan Fry to third
Batting: RHB Eric Camillo 0-0: SINGLE (Groundball, 4D, EV 98.1 MPH)
Evan Fry scores
Batting: LHB Alex Rivera 0-0: Ball
1-0: Ball
2-0: Ball
3-0: Base on Balls
Eric Camillo to second
Batting: RHB Josh Shoemaker 0-0: Ball
1-0: Swinging Strike
1-1: Ball
2-1: Ball
3-1: Called Strike
3-2: Base on Balls
Eric Camillo to third
Alex Rivera to second
Batting: RHB Pat Martin 0-0: Fly out, F8 (Line Drive, 8LS, EV 99.4 MPH)
Bottom of the 4th over - 1 run, 2 hits, 0 errors, 3 left on base; Victoria 2 - Amarillo 1
TOP OF THE 5TH
Victoria Capitals batting - Pitching for Amarillo ThunderHeads : RHP Marty Nelson
Batting: RHB Jesus Santiago 0-0: Ball
1-0: Foul Ball, location: 2F
1-1: Swinging Strike
1-2: Ball
2-2: Strikes out swinging
Batting: RHB Ross Hallock 0-0: Ball
1-0: Ball
2-0: Ball
3-0: Called Strike
3-1: Swinging Strike
3-2: Foul Ball, location: 2F
3-2: Ground out 6-3 (Groundball, 56, EV 103.1 MPH)
Batting: RHB Rich Griffith 0-0: Ball
1-0: Called Strike
1-1: Ground out 4-3 (Groundball, 4, EV 84.4 MPH)
Top of the 5th over - 0 runs, 0 hits, 0 errors, 0 left on base; Victoria 2 - Amarillo 1
BOTTOM OF THE 5TH
Amarillo ThunderHeads batting - Pitching for Victoria Capitals : LHP Mike Roberts
Batting: RHB Jorge Balderama 0-0: Ball
1-0: Called Strike
1-1: Ball
2-1: Ball
3-1: Base on Balls
Batting: RHB Sam Voss 0-0: Called Strike
0-1: Foul Ball, location: 2F
0-2: Ball
1-2: Foul Ball, location: 2F
1-2: Foul Ball, location: 2F
1-2: Foul Ball, location: 2F
1-2: Grounds into double play, 6-4-3 (Groundball, 6, EV 76.9 MPH)
Batting: RHB Evan Fry 0-0: Ball
1-0: Ball
2-0: Ball
3-0: Called Strike
3-1: Base on Balls
Pitching: RHP Jose Rios
Batting: RHB Robert Topete 0-0: Ball
1-0: Ground out 4-3 (Groundball, 13, EV 77.5 MPH)
Bottom of the 5th over - 0 runs, 0 hits, 0 errors, 1 left on base; Victoria 2 - Amarillo 1
TOP OF THE 6TH
Victoria Capitals batting - Pitching for Amarillo ThunderHeads : RHP Marty Nelson
Pitching: RHP Jose Ramirez
Batting: RHB Josh Rentz 0-0: Swinging Strike
0-1: Foul Ball, location: 2F
0-2: Strikes out swinging
Batting: LHB Matt Hepburn 0-0: Swinging Strike
0-1: Ball
1-1: Foul Ball, location: 2F
1-2: Ball
2-2: Strikes out swinging
Batting: LHB Rick Harrison 0-0: Called Strike
0-1: Foul Ball, location: 2F
0-2: Foul Ball, location: 2F
0-2: Foul Ball, location: 2F
0-2: Ball
1-2: Ball
2-2: SINGLE (Groundball, 34D, EV 106.2 MPH)
Batting: LHB Jason Cary 0-0: Called Strike
0-1: 2-RUN HOME RUN (Flyball, 9D, EV 104.4 MPH), Distance : 420 ft
Batting: RHB Tristan Martin 0-0: Ball
1-0: Fly out, F4 (Line Drive, 4, EV 63.8 MPH)
Top of the 6th over - 2 runs, 2 hits, 0 errors, 0 left on base; Victoria 4 - Amarillo 1
BOTTOM OF THE 6TH
Amarillo ThunderHeads batting - Pitching for Victoria Capitals : RHP Jose Rios
Batting: RHB Bill Flannery 0-0: Called Strike
0-1: Ball
1-1: Foul Ball, location: 2F
1-2: Ball
2-2: Strikes out looking
Batting: RHB Eric Camillo 0-0: Called Strike
0-1: Called Strike
0-2: Ball
1-2: Fly out, F9 (Line Drive, 9S, EV 93.8 MPH)
Batting: LHB Alex Rivera 0-0: Ball
1-0: Swinging Strike
1-1: Ball
2-1: Foul Ball, location: 2F
2-2: Foul Ball, location: 2F
2-2: Ball
3-2: DOUBLE (Groundball, 3L, EV 93.8 MPH)
Batting: RHB Josh Shoemaker 0-0: Ball
1-0: Called Strike
1-1: Ball
2-1: Ball
3-1: Base on Balls
Pinch Hitting: LHB Carlos Guajardo 0-0: Ball
1-0: Fly out, F7 (Flyball, 7, EV 96.9 MPH)
Bottom of the 6th over - 0 runs, 1 hit, 0 errors, 2 left on base; Victoria 4 - Amarillo 1
TOP OF THE 7TH
Victoria Capitals batting - Pitching for Amarillo ThunderHeads : RHP Jose Ramirez
Now at 2B: Carlos Guajardo
Batting: LHB Addisu Nyamekye 0-0: Called Strike
0-1: Ball
1-1: Ball
2-1: Ball
3-1: Swinging Strike
3-2: Strikes out swinging
Batting: RHB Jesus Santiago 0-0: Ground out 6-3 (Groundball, 6, EV 79.4 MPH)
Batting: RHB Ross Hallock 0-0: Called Strike
0-1: Ball
1-1: Foul Ball, location: 2F
1-2: Ball
2-2: Ball
3-2: Strikes out looking
Top of the 7th over - 0 runs, 0 hits, 0 errors, 0 left on base; Victoria 4 - Amarillo 1
BOTTOM OF THE 7TH
Amarillo ThunderHeads batting - Pitching for Victoria Capitals : RHP Jose Rios
Now in LF: Steve Carmichael
Batting: RHB Eric Juarez 0-0: Called Strike
0-1: Ball
1-1: Ball
2-1: Ball
3-1: Called Strike
3-2: Foul Ball, location: 2F
3-2: Base on Balls
Batting: RHB Sam Voss 0-0: Called Strike
0-1: Swinging Strike
0-2: Fielders Choice at 2nd, 5-4 (Groundball, 56, EV 85.6 MPH)
Batting: RHB Evan Fry 0-0: Fly out, F6 (Line Drive, 6, EV 70.0 MPH)
Batting: RHB Robert Topete 0-0: Called Strike
0-1: Called Strike
0-2: Foul Ball, location: 2F
0-2: Ball
1-2: Fielders Choice at 2nd, 6-4 (Groundball, 6, EV 82.5 MPH)
Bottom of the 7th over - 0 runs, 0 hits, 0 errors, 1 left on base; Victoria 4 - Amarillo 1
TOP OF THE 8TH
Victoria Capitals batting - Pitching for Amarillo ThunderHeads : RHP Jose Ramirez
Batting: RHB Rich Griffith 0-0: Fly out, F6 (Popup, 56, EV 70.0 MPH)
Batting: RHB Josh Rentz 0-0: Fly out, F4 (Line Drive, 4M, EV 62.5 MPH)
Batting: LHB Matt Hepburn 0-0: Ball
1-0: Foul Ball, location: 2F
1-1: Swinging Strike
1-2: Ball
2-2: Ball
3-2: Strikes out swinging
Top of the 8th over - 0 runs, 0 hits, 0 errors, 0 left on base; Victoria 4 - Amarillo 1
BOTTOM OF THE 8TH
Amarillo ThunderHeads batting - Pitching for Victoria Capitals : RHP Jose Rios
Batting: RHB Bill Flannery 0-0: Foul Ball, location: 2F
0-1: Ball
1-1: Ground out 6-3 (Groundball, 6, EV 108.8 MPH)
Pinch Hitting: LHB Danny Moreno 0-0: Ball
1-0: Swinging Strike
1-1: Ball
2-1: Foul Ball, location: 2F
2-2: Strikes out swinging
Batting: LHB Alex Rivera 0-0: Called Strike
0-1: Foul Ball, location: 2F
0-2: Ball
1-2: Ball
2-2: Foul Ball, location: 2F
2-2: Foul Ball, location: 2F
2-2: SINGLE (Groundball, 34D, EV 98.8 MPH)
Pitching: RHP Yen-nien Luo
Batting: RHB Josh Shoemaker 0-0: Called Strike
0-1: Ground out 4-3 (Groundball, 34, EV 88.8 MPH)
Bottom of the 8th over - 0 runs, 1 hit, 0 errors, 1 left on base; Victoria 4 - Amarillo 1
TOP OF THE 9TH
Victoria Capitals batting - Pitching for Amarillo ThunderHeads : RHP Jose Ramirez
Now at 1B: Danny Moreno
Batting: LHB Taki Matsui 0-0: Foul Ball, location: 2F
0-1: Ball
1-1: Foul Ball, location: 2F
1-2: Ball
2-2: Ball
3-2: Foul Ball, location: 2F
3-2: Base on Balls
Pitching: LHP Zach Harris
Batting: LHB Jason Cary 0-0: Ball
1-0: Swinging Strike
1-1: Ball
2-1: Called Strike
2-2: Ball
3-2: Strikes out swinging
Pitching: RHP Antonio Ayala
Batting: RHB Steve Carmichael 0-0: Ball
1-0: Foul Ball, location: 2F
1-1: Ball
2-1: Ball
3-1: Called Strike
3-2: Base on Balls
Taki Matsui to second
Batting: LHB Addisu Nyamekye 0-0: Foul Ball, location: 2F
0-1: Ball
1-1: Ball
2-1: Swinging Strike
2-2: Fly out, F5 (Popup, 5F, EV 67.5 MPH)
Batting: RHB Jesus Santiago 0-0: Ball
1-0: Called Strike
1-1: Ball
2-1: Foul Ball, location: 2F
2-2: Ball
3-2: Strikes out swinging
Top of the 9th over - 0 runs, 0 hits, 0 errors, 2 left on base; Victoria 4 - Amarillo 1
BOTTOM OF THE 9TH
Amarillo ThunderHeads batting - Pitching for Victoria Capitals : RHP Yen-nien Luo
Batting: LHB Carlos Guajardo 0-0: Ball
1-0: Foul Ball, location: 2F
1-1: Foul Ball, location: 2F
1-2: Strikes out swinging
Batting: RHB Eric Juarez 0-0: Ball
1-0: Ball
2-0: Ball
3-0: Base on Balls
Batting: RHB Sam Voss 0-0: Swinging Strike
0-1: SINGLE (Groundball, 56S, EV 70.6 MPH) (infield hit)
Eric Juarez to second
Batting: RHB Evan Fry 0-0: Ball
1-0: Called Strike
1-1: Called Strike
1-2: Ball
Passed Ball!
Eric Juarez to third
Sam Voss to second
2-2: Ball
3-2: Fly out, F7 (Line Drive, 7LS, EV 95.6 MPH)
Batting: RHB Robert Topete 0-0: Called Strike
0-1: DOUBLE (Line Drive, 7LS, EV 91.2 MPH)
Eric Juarez scores
Sam Voss scores
Batting: RHB Bill Flannery 0-0: Ball
1-0: Ball
2-0: Ball
3-0: Called Strike
3-1: Ground out 5-3 (Groundball, 56, EV 98.1 MPH)
Bottom of the 9th over - 2 runs, 2 hits, 0 errors, 1 left on base; Victoria 4 - Amarillo 3
Tuesday, March 28th , 2023 - OOTP Baseball 23.10 Build 110